 Dungeon Crawl Stone Soup version 0.19.4-8-ga85b6b9 (webtiles) character file.

1875 Haldmier the Basher (level 9, -1/74 HPs)
             Began as an Ogre Wizard on Feb 10, 2017.
             Was an Initiate of Ashenzari.
             Slain by a wight
             ... wielding a +3 halberd of freezing
              (4 damage)
             ... on level 7 of the Dungeon.
             The game lasted 00:36:56 (6734 turns).

Haldmier the Basher (Ogre Wizard)                   Turns: 6734, Time: 00:36:58

Health: -1/74      AC:  4    Str: 14    XL:     9   Next: 14%
Magic:  11/14      EV:  9    Int: 18    God:    Ashenzari [......]
Gold:   330        SH:  0    Dex: 10    Spells: 5 memorised, 4 levels left

rFire  . . .     SeeInvis +     b - +2 mace (holy)
rCold  . . .     Gourm    .     e - +0 robe
rNeg   . . .     Faith    .     (no shield)
rPois  .         Spirit   .     y - +0 hat
rElec  .         Reflect  .     I - +0 cloak
rCorr  .         Harm     .     (gloves unavailable)
MR     +....                    (boots unavailable)
Stlth  +.........               f - amulet of regeneration
                                q - ring of see invisible
                                G - ring of protection from magic

@: heavily drained
A: unfitting armour, tough skin 1
a: Curse Item, Renounce Religion


You were on level 7 of the Dungeon.
You worshipped Ashenzari.
Ashenzari was noncommittal.
You were hungry.

You visited 2 branches of the dungeon, and saw 8 of its levels.

You collected 330 gold pieces.

Inventory:

Hand Weapons
 a - a +1 whip of venom
 b - a +2 mace of holy wrath (weapon)
 j - a +0 blowgun
 l - a +0 spear
 o - a +0 hunting sling
 x - a +0 morningstar
 C - a +0 giant spiked club
 J - a +1 dagger of electrocution
Missiles
 h - 136 stones (quivered)
 t - 61 sling bullets
Armour
 e - a +0 robe (worn)
 y - a +0 hat (worn)
 I - a +0 cloak (worn)
Jewellery
 f - an amulet of regeneration (around neck)
 p - a cursed ring of magical power
 q - a ring of see invisible (right hand)
 G - a ring of protection from magic (left hand)
 M - an uncursed ring of stealth
Wands
 w - a wand of slowing (31/48)
 F - a wand of flame (19/48)
 L - a wand of flame (15/48)
 N - a wand of lightning (2/15)
Scrolls
 i - a scroll of immolation
 k - 3 scrolls of amnesia {unknown}
 n - a scroll of magic mapping {unknown}
 z - 2 scrolls of teleportation
 H - 2 scrolls of fear {unknown}
Potions
 g - a potion of magic {unknown}
 m - 2 potions of might
 r - a potion of lignification {unknown}
 s - 2 potions of curing {unknown}
 u - a potion of cure mutation {unknown}
 D - 2 potions of flight {unknown}
 K - a potion of resistance {unknown}
Books
 c - a book of Minor Magic

   Spells                             Type                      Level
   a - Magic Dart                     Conjuration                  1
   b - Blink                          Translocation                2
   c - Call Imp                       Summoning                    2
   d - Repel Missiles                 Charms/Air                   2
   e - Slow                           Hexes                        2
   f - Conjure Flame                  Conjuration/Fire             3
   g - Mephitic Cloud                 Conjuration/Poison/Air       3
 A - a book of Callings

   Spells                             Type                      Level
   a - Summon Small Mammal            Summoning                    1
   b - Call Imp                       Summoning                    2
   c - Call Canine Familiar           Summoning                    3
   d - Summon Guardian Golem          Hexes/Summoning              3
   e - Summon Lightning Spire         Summoning/Air                4
   f - Summon Ice Beast               Ice/Summoning                4
Comestibles
 d - 4 bread rations
 v - a beef jerky
 E - 3 meat rations


   Skills:
 * Level 8.2(6.6) Maces & Flails
 - Level 1.7(0.3) Dodging
 - Level 1.4(0.0) Stealth
 - Level 3.6(2.1) Spellcasting
 + Level 3.3(1.9) Conjurations
 - Level 3.0(1.5) Summonings
 + Level 2.9(1.5) Translocations
 + Level 2.7(1.3) Fire Magic
 + Level 2.2(0.8) Air Magic
 + Level 2.3(0.9) Poison Magic


You had 4 spell levels left.
You knew the following spells:

 Your Spells              Type           Power        Failure   Level  Hunger
a - Magic Dart            Conj           #...         12%         1    #......
b - Blink                 Tloc           N/A          14%         2    ###....
c - Call Imp              Summ           #.......     14%         2    ###....
d - Conjure Flame         Conj/Fire      #.......     30%         3    ###....
e - Mephitic Cloud        Conj/Pois/Air  #.......     34%         3    ###....


Dungeon Overview and Level Annotations

Branches:
Dungeon (7/15)             Temple (1/1) D:4

Altars:
Ashenzari
Cheibriados
Fedhas
Gozag
Hepliaklqana
Kikubaaqudgha
Nemelex Xobeh
Okawaru
Qazlal
Ru
Sif Muna
Uskayaw
Vehumet
Xom
Yredelemnul
Zin
The Shining One

Annotations:
D:1 areas across water
D:6 Exporg's ghost, novice MiFi
D:7 Exporg's ghost, novice MiFi


Innate Abilities, Weirdness & Mutations

You are too large for most types of armour.
You have tough skin. (AC +1)


Message History

You closely miss the wight.
The wight is almost destroyed.
The wight hits you with a halberd of freezing!
You feel drained. The wight freezes you.
Your crimson imp misses the wight.
You take 13 damage, and have 28/74 hp.
You hit the wight but do no damage.
The wight is almost destroyed.
Your crimson imp barely misses the wight.
The wight hits you with a halberd of freezing!
* * * LOW HITPOINT WARNING * * *
The wight freezes you.
* * * LOW HITPOINT WARNING * * *
You take 10 damage, and have 18/74 hp.
You hit the wight but do no damage.
The wight is almost destroyed.
Your crimson imp misses the wight.
The wight hits you with a halberd of freezing!
* * * LOW HITPOINT WARNING * * *
The wight freezes you.
You die...

####### #.....#
##########.....##
###................
.................#
####...........#### #
..........5.......#####...#
####......Wz@...(.......#
#.#.......#......##(#####.#
#.....###.#####.###(..#
....#.#z# #.# #.#<....# .#
.. #z###.# #.#.##### #W.
#W..#.. ..#.#


z.z #<#.#.. ..#.# ## ###.#.#. ...#.# #... ...... You could see a wight, Exporg's
ghost and a friendly crimson imp.

Vanquished Creatures
  Sigmund (D:4)
  A sky beast (D:5)
  2 ice beasts
  An ogre (D:4)
  2 centaurs
  A phantom (D:4)
  3 bullfrogs (D:6)
  A wyvern zombie (D:6)
  A scorpion (D:4)
  3 wights
  4 crimson imps
  2 jellies
  Crazy Yiuf (D:2)
  A bullfrog skeleton (D:5)
  An orc wizard (D:5)
  3 worker ants
  A killer bee zombie (D:5)
  A hound skeleton (D:4)
  A hound zombie (D:6)
  4 gnolls (D:4)
  6 adders
  An adder skeleton (D:5)
  2 worms
  2 dart slugs (D:1)
  4 leopard geckos
  11 orcs
  3 giant cockroaches
  8 goblins
  8 hobgoblins
  7 jackals
  3 quokkas
  2 ball pythons
  5 bats
  5 frilled lizards
  A giant cockroach zombie (D:5)
  A jackal skeleton (D:6)
  2 jackal zombies (D:6)
  8 kobolds
  A leopard gecko skeleton (D:6)
  6 rats
121 creatures vanquished.

Vanquished Creatures (collateral kills)
  The ghost of empire the Conjurer, an amateur DECj (D:5)
1 creature vanquished.

Vanquished Creatures (others)
  A quokka (D:7)
1 creature vanquished.

Grand Total: 123 creatures vanquished

Notes
Turn   | Place    | Note
-------+----------+-------------------------------------------
     0 | D:1      | Haldmier the Ogre Wizard began the quest for the Orb.
     0 | D:1      | Reached XP level 1. HP: 16/16 MP: 5/5
    45 | D:1      | Reached skill level 1 in Maces & Flails
   408 | D:1      | Reached XP level 2. HP: 15/24 MP: 1/6
   582 | D:1      | Reached skill level 2 in Maces & Flails
   593 | D:1      | Reached skill level 1 in Conjurations
   790 | D:1      | Learned a level 2 spell: Blink
   793 | D:1      | Learned a level 2 spell: Call Imp
  1056 | D:1      | Reached XP level 3. HP: 31/31 MP: 8/8
  1547 | D:2      | Reached skill level 3 in Maces & Flails
  1663 | D:2      | Found a runed door.
  1758 | D:2      | Reached skill level 1 in Translocations
  1839 | D:2      | Reached XP level 4. HP: 39/39 MP: 2/9
  2051 | D:2      | Learned a level 3 spell: Conjure Flame
  2710 | D:3      | Found a faded altar of an unknown god.
  2728 | D:3      | Reached skill level 1 in Summonings
  3340 | D:3      | Reached XP level 5. HP: 43/45 MP: 7/10
  3454 | D:4      | Reached skill level 1 in Fire Magic
  3495 | D:4      | Found a staircase to the Ecumenical Temple.
  3503 | Temple   | Entered the Ecumenical Temple
  3629 | D:4      | Noticed Sigmund
  3712 | D:4      | Reached skill level 4 in Maces & Flails
  3810 | D:4      | Found a shattered altar of Ashenzari.
  3816 | D:4      | Became a worshipper of Ashenzari the Shackled
  3848 | D:4      | Found an iron altar of Okawaru.
  3927 | D:4      | Found an ancient bone altar of Kikubaaqudgha.
  3938 | D:4      | Found a blossoming altar of Fedhas.
  4063 | D:4      | You fall through a shaft for 2 floors!
  4130 | D:5      | Entered Level 5 of the Dungeon
  4164 | D:5      | Reached XP level 6. HP: 53/53 MP: 11/11
  4182 | D:5      | Learned a level 3 spell: Mephitic Cloud
  4522 | D:4      | Reached skill level 5 in Maces & Flails
  4561 | D:4      | Killed Sigmund
  4561 | D:4      | Reached XP level 7. HP: 37/59 MP: 12/12
  4661 | D:2      | Noticed Crazy Yiuf
  4672 | D:2      | Killed Crazy Yiuf
  4766 | D:4      | Reached skill level 1 in Air Magic
  4766 | D:4      | Reached skill level 1 in Poison Magic
  4820 | D:5      | Found a sacrificial altar of Ru.
  4860 | D:5      | Noticed empire's ghost (amateur DECj)
  4876 | D:5      | Killed empire's ghost
  4876 | D:5      | Reached skill level 6 in Maces & Flails
  5006 | D:5      | Reached XP level 8. HP: 48/67 MP: 7/13
  5346 | D:5      | Reached skill level 7 in Maces & Flails
  5387 | D:5      | Found a shimmering altar of Xom.
  5609 | D:6      | Found a radiant altar of Vehumet.
  5626 | D:6      | Found a hide-covered altar of Uskayaw.
  5708 | D:6      | Noticed Exporg's ghost (novice MiFi)
  6192 | D:6      | Found a shattered altar of Ashenzari.
  6295 | D:7      | Reached XP level 9. HP: 56/74 MP: 9/14
  6341 | D:7      | Noticed Exporg's ghost (novice MiFi)
  6361 | D:7      | Reached skill level 8 in Maces & Flails
  6734 | D:7      | HP: 3/74 [wight/halberd of freezing (15)]
  6734 | D:7      | Slain by a wight

Skill      XL: |  1  2  3  4  5  6  7  8  9 |
---------------+----------------------------+-----
Maces & Flails | 1 2 3 4 5 6 7 8 |  8.2
Conjurations   | 1 2 3 |  3.3
Translocations | 1 2 |  2.9
Summonings     | 1 2 3 |  3.0
Fire Magic     | 1 2 |  2.7
Air Magic      | 1 2 |  2.2
Poison Magic   | 1 2 |  2.3
Dodging        | |  1.7
Stealth        | |  1.4
Spellcasting   | |  3.6

Action                   |  1- 3 |  4- 6 |  7- 9 || total
-------------------------+-------+-------+-------++-------
Melee: Whip              |    71 |   144 |   190 ||   405
       Mace              |       |     5 |    72 ||    77
 Cast: Magic Dart        |    65 |    95 |    48 ||   208
       Call Imp          |       |     1 |     4 ||     5
       Conjure Flame     |       |     1 |     5 ||     6
  Use: Scroll            |     2 |     3 |     1 ||     6
 Stab: Sleeping          |     2 |       |       ||     2
  Eat: Chunk             |     3 |     9 |     5 ||    17
       Pizza             |       |       |     1 ||     1
Armor: Robe              |    29 |    27 |    42 ||    98
Dodge: Dodged            |    42 |    75 |    96 ||   213
